 Dungeon Crawl Stone Soup version 0.17-a0-1435-geafbe2f (webtiles) character file.

753 Hanyuu the Insei (level 7, -15/43 HPs)
             Began as an Octopode Transmuter on June 26, 2015.
             Killed from afar by Pikel (22 damage)
             ... with a wand of fire
             ... on level 5 of the Dungeon.
             The game lasted 00:11:08 (4062 turns).

Hanyuu the Insei (Octopode Transmuter)              Turns: 4062, Time: 00:11:08

Health: -15/43     AC:  1    Str:  9    XL:     7   Next: 78%
Magic:  10/10      EV: 13    Int: 17    God:
Gold:   168        SH:  0    Dex: 13    Spells: 4 memorised, 2 levels left

rFire  . . .     SeeInvis .     b - +2 blowgun
rCold  . . .     Clarity  +     (no shield)
rNeg   . . .     SustAt   .     (helmet restricted)
rPois  .         Gourm    .     d - amulet of clarity
rElec  .         Spirit   .     (no ring)
rCorr  .         Warding  .     (no ring)
rMut   .         Stasis   .     (no ring)
MR     .....                    (no ring)
Stlth  ++........               (no ring)
                                (no ring)
                                (no ring)
                                (no ring)

@: not resistant to hostile enchantments, unstealthy
A: almost no armour, amphibious, 8 rings, constrict 8, camouflage 1, gelatinous
body 1
a: no special abilities


You were on level 5 of the Dungeon.
You were not hungry.

You visited 1 branch of the dungeon, and saw 5 of its levels.

You collected 168 gold pieces.

Inventory:

Hand weapons
 b - a +2 blowgun (weapon)
Missiles
 a - 38 arrows
 j - 18 poisoned needles (quivered)
Jewellery
 d - an amulet of clarity (around mantle)
 p - an uncursed ring of fire
Scrolls
 g - a scroll of immolation
 q - a scroll of blinking
 v - 2 scrolls of identify
Potions
 e - a potion of degeneration {unknown}
 f - a potion of mutation
 i - 2 potions of curing
 n - a potion of agility
 o - 2 potions of lignification {unknown}
 r - a potion of brilliance {unknown}
 s - 2 potions of heal wounds
 t - a potion of haste {unknown}
 w - a potion of flight {unknown}
Books
 m - a book of Changes

   Spells                             Type                      Level
   a - Beastly Appendage              Transmutation                1
   b - Sticks to Snakes               Transmutation                2
   c - Spider Form                    Transmutation/Poison         3
   d - Ice Form                       Ice/Transmutation            4
   e - Blade Hands                    Transmutation                5
 u - a book of Spatial Translocations

   Spells                             Type                      Level
   a - Apportation                    Translocation                1
   b - Blink                          Translocation                2
   c - Shroud of Golubria             Charms/Translocation         2
   d - Portal Projectile              Translocation                3
   e - Teleport Other                 Translocation                3
   f - Passage of Golubria            Translocation                4
Comestibles
 c - 4 bread rations
 h - 4 chunks of flesh
 k - 4 fruits
 l - a beef jerky


   Skills:
 + Level 1.0 Fighting
 + Level 3.7 Dodging
 * Level 7.4 Unarmed Combat
 + Level 2.0 Spellcasting
 - Level 4.0 Transmutations
 - Level 1.0 Poison Magic


You had 2 spell levels left.
You knew the following spells:

 Your Spells              Type           Power        Failure   Level  Hunger
a - Beastly Appendage     Trmt           ###...       3%          1    #......
b - Sticks to Snakes      Trmt           ###.......   6%          2    ###....
c - Spider Form           Trmt/Pois      ##........   21%         3    ###....
d - Shroud of Golubria    Chrm/Tloc      #.........   30%         2    ###....


Dungeon Overview and Level Annotations

Branches:
Dungeon (5/15)
 Temple: D:4-7

Altars:
Ashenzari
Elyvilon
Fedhas
Kikubaaqudgha
Nemelex Xobeh
Qazlal
Trog
Xom

Annotations:
D:4 Snupthedog's ghost, experienced VSGl
D:5 Pikel


Innate Abilities, Weirdness & Mutations

You cannot wear most types of armour.
You are amphibious.
You can wear up to eight rings at the same time.
You can use your tentacles to constrict eight enemies at once.
Your skin changes colour to match your surroundings (Stealth).
Your rubbery body absorbs attacks (AC +1).


Message History

You shoot a poisoned needle.
The helpless Pikel fails to defend himself.
The poisoned needle hits Pikel in a vulnerable spot!
Pikel is poisoned.
Pikel sighs. "I should go into elves; they're easier to handle.
And prettier!"
Firing (i - inventory):
j - 20 poisoned needles (quivered)
Press: ? - help, Shift-Dir - straight line, f/p - Pikel
Aim: Pikel, wielding a whip of flaming and wearing a robe (poisoned)
You shoot a poisoned needle.
The poisoned needle barely misses Pikel.
Pikel zaps a wand.
The bolt of fire hits you!
It is a wand of fire.
Firing (i - inventory):
j - 19 poisoned needles (quivered)
Press: ? - help, Shift-Dir - straight line, f/p - Pikel
Aim: Pikel, wielding a whip of flaming, wearing a robe and carrying a wand of fire {zapped: 1} (poisoned)
You shoot a poisoned needle. The poisoned needle hits Pikel!
Pikel looks even sicker.
Pikel zaps a wand.
The bolt of fire hits you!
* * * LOW HITPOINT WARNING * * *
Pikel zaps a wand.
The bolt of fire hits you!
Ouch! That really hurt!
You die...

#.#.### #.#...#
#<###.##
#.##.#.##
#.#.###.####.#
#..## ##...<.#
###.###.######
###.#.####
...#####@.......#
((K.....[...###.#
.#.#####.#### #
#.# #.# #.# #.#
..# ###


You could see Pikel.

Vanquished Creatures
  Grinder (D:4)
  An ogre (D:4)
  A slave (D:5)
  A phantom (D:4)
  3 hounds (D:4)
  A centaur zombie (D:4)
  A giant frog skeleton (D:4)
  An orc wizard (D:4)
  3 worker ants (D:4)
  3 adders
  An adder skeleton (D:4)
  5 worms
  5 giant geckos
  6 orcs
  A bat skeleton (D:4)
  A giant cockroach (D:2)
  10 goblins
  10 hobgoblins
  A jackal (D:1)
  4 kobolds
  3 quokkas
  12 bats
  4 giant newts
  14 rats
93 creatures vanquished.

Notes
Turn   | Place    | Note
--------------------------------------------------------------
     0 | D:1      | Hanyuu the Octopode Transmuter began the quest for the Orb.
     0 | D:1      | Reached XP level 1. HP: 13/13 MP: 3/3
   227 | D:1      | Reached XP level 2. HP: 11/18 MP: 5/5
   868 | D:1      | Reached skill level 4 in Unarmed Combat
  1007 | D:2      | Reached XP level 3. HP: 23/23 MP: 4/6
  1013 | D:2      | Learned a level 2 spell: Sticks to Snakes
  1017 | D:2      | Learned a level 3 spell: Spider Form
  1072 | D:2      | Found a sparkling altar of Nemelex Xobeh.
  1329 | D:2      | Reached XP level 4. HP: 15/28 MP: 7/7
  1721 | D:3      | Found a shattered altar of Ashenzari.
  1776 | D:3      | Found a shimmering altar of Xom.
  2012 | D:3      | Found a white marble altar of Elyvilon.
  2177 | D:3      | Found a stormy altar of Qazlal.
  2184 | D:3      | Found a blossoming altar of Fedhas.
  2419 | D:4      | Reached skill level 5 in Unarmed Combat
  2419 | D:4      | Reached XP level 5. HP: 29/33 MP: 8/8
  2473 | D:4      | Noticed Snupthedog's ghost (experienced VSGl)
  2652 | D:4      | Found a bloodstained altar of Trog.
  3180 | D:4      | Reached XP level 6. HP: 32/38 MP: 9/9
  3262 | D:4      | Reached skill level 6 in Unarmed Combat
  3322 | D:4      | Noticed an ogre
  3352 | D:4      | Killed an ogre
  3420 | D:4      | Found an ancient bone altar of Kikubaaqudgha.
  3467 | D:4      | Noticed a phantom
  3476 | D:4      | Killed a phantom
  3476 | D:4      | Reached XP level 7. HP: 35/43 MP: 6/10
  3490 | D:4      | Reached skill level 1 in Poison Magic
  3667 | D:4      | Noticed Grinder
  3673 | D:4      | Paralysed by Grinder for 2 turns
  3681 | D:4      | Killed Grinder
  3681 | D:4      | Reached skill level 7 in Unarmed Combat
  4013 | D:5      | Entered Level 5 of the Dungeon
  4045 | D:5      | Learned a level 2 spell: Shroud of Golubria
  4058 | D:5      | Noticed Pikel
  4062 | D:5      | Killed from afar by Pikel

Vault maps used:
D:1:      lightli_arrival_boilingwater, serial_forest,
          infiniplex_forest_corner_2, infiniplex_forest_diagonal,
          infiniplex_forest_zigzag_1, infiniplex_forest_end_2,
          infiniplex_forest_straight_1, infiniplex_forest_corner_1,
          infiniplex_forest_end_2, interstate_on_off
D:2:      nemelex_xobeh_ov_fountains_minmay
D:3:      grunt_temple_overflow_forces_of_nature,
          nicolae_overflow_crystal_walls, old_standard_altar, old_standard_altar
D:4:      lemuel_doored_altar, lightli_temple_of_fire, first_bread, uniq_grinder
D:5:      minmay_opposing_rooms, serial_shops, shop, uniq_prince_ribbit1,
          uniq_pikel, uniq_duvessa

Action                   |  1- 3 |  4- 6 |  7- 9 || total
-------------------------+-------+-------+-------++-------
Melee: Unarmed           |    86 |   110 |    22 ||   218
 Fire: Blowgun           |       |    21 |     5 ||    26
 Cast: Beastly Appendage |     6 |     4 |       ||    10
       Spider Form       |       |     2 |     2 ||     4
  Use: Scroll            |       |     9 |     3 ||    12
       Potion            |       |     1 |       ||     1
 Stab: Sleeping          |     4 |    12 |     3 ||    19
  Eat: Chunk             |     1 |     7 |     2 ||    10
       Fruit             |       |       |     1 ||     1
